 Dungeon Crawl Stone Soup version 0.20.1-1-g8b1a95d (webtiles) character file.

3853 Monsterracer the Tainter (level 10, -12/87 HPs)
             Began as a Naga Venom Mage on Aug 13, 2017.
             Was a Believer of Vehumet.
             Mangled by a black mamba (18 damage)
             ... on level 1 of the Lair of Beasts.
             The game lasted 00:36:51 (9788 turns).

Monsterracer the Tainter (Naga Venom Mage)          Turns: 9788, Time: 00:36:51

Health: -12/87     AC:  7    Str:  9 (10) XL:     10   Next: 18%
Magic:  8/18       EV: 12    Int: 18 (19) God:    Vehumet [**....]
Gold:   348        SH:  0    Dex: 11 (12) Spells: 6/20 levels left

rFire    . . .     SeeInvis +   a - +4 quarterstaff (chaos)
rCold    + . .     Gourm    .   (shield currently unavailable)
rNeg     . . .     Faith    +   s - +2 leather armour {rC+}
rPois    +         Spirit   .   (no helmet)
rElec    .         Reflect  .   j - +0 cloak
rCorr    .         Harm     .   (no gloves)
MR       ++...                  (no barding)
Stlth    +++.......             q - amulet of faith
Regen    0.3/turn               r - ring of protection from magic
MPRegen  0.2/turn               y - +3 ring of evasion

@: very slow
A: see invisible, deformed body, poison resistance, slowness 2, slow metabolism
1, spit poison 1, AC +3
a: Spit Poison, Renounce Religion


You were on level 1 of the Lair of Beasts.
You worshipped Vehumet.
Vehumet was pleased with you.
You were not hungry.

You visited 3 branches of the dungeon, and saw 10 of its levels.

You collected 348 gold pieces.

Inventory:

Hand Weapons
 a - a +4 quarterstaff of chaos (weapon)
 b - a +0 rapier
Armour
 j - a +0 cloak (worn)
 s - a +2 leather armour of cold resistance (worn)
 t - a +1 scale mail of fire resistance
 D - a +1 ring mail of magic resistance
Jewellery
 q - an amulet of faith (around neck)
 r - a ring of protection from magic (left hand)
 y - a +3 ring of evasion (right hand)
Wands
 g - a wand of acid (11/15)
 w - a wand of polymorph (10/24)
 B - a wand of flame (24/48)
 C - a wand of iceblast (8/15)
Scrolls
 e - 5 scrolls of remove curse
 l - 3 scrolls of recharging
 m - 2 scrolls of blinking
 u - a scroll of magic mapping
 v - a scroll of fog
 z - 2 scrolls of identify
Potions
 d - a potion of curing
 i - a potion of lignification
 k - a potion of agility
 n - 2 potions of ambrosia
 o - a potion of mutation
 x - 2 potions of resistance
Comestibles
 c - 6 bread rations
 f - 3 meat rations
 p - 2 royal jellies


   Skills:
 + Level 4.6 Fighting
 + Level 3.3 Staves
 - Level 1.5 Dodging
 + Level 8.1 Stealth
 + Level 5.5 Spellcasting
 * Level 7.7 Conjurations
 * Level 2.1 Ice Magic
 - Level 10.0 Poison Magic


You had 6 spell levels left.
You knew the following spells:

 Your Spells              Type           Power        Failure   Level  Hunger
a - Sting                 Conj/Pois      ####         1%          1    None
b - Mephitic Cloud        Conj/Pois/Air  ####....     4%          3    ##.....
c - Olgreb's Toxic Radia  Pois           #####...     2%          4    ####...
d - Venom Bolt            Conj/Pois      #####.....   13%         5    #####..
e - Freeze                Ice            ##..         8%          1    None


Dungeon Overview and Level Annotations

Branches:
Dungeon (8/15)             Temple (1/1) D:4            Lair (1/6) D:8

Altars:
Ashenzari
Cheibriados
Dithmenos
Elyvilon
Fedhas
Gozag
Hepliaklqana
Kikubaaqudgha
Makhleb
Nemelex Xobeh
Okawaru
Qazlal
Ru
Sif Muna
Trog
Uskayaw
Vehumet
Xom
Yredelemnul
Zin
The Shining One

Shops:
D:5 =

Annotations:
D:5 ThePrince's ghost, amateur DsFi


Innate Abilities, Weirdness & Mutations

You cannot wear boots.
Your serpentine skin is tough. (AC +3)
You have supernaturally acute eyesight. (SInv)
Armour fits poorly on your strangely shaped body.
Your system is resistant to poisons. (rPois)
You cover ground very slowly.
You have a slow metabolism.
You can spit poison.


Message History

Confirm with . or Enter, or press ? or * to list all spells.
Aiming: Venom Bolt
Press: ? - help, Shift-Dir - straight line, f/p - black mamba
Aim: a black mamba The bolt of poison misses the black mamba.
You are starving!
The black mamba bites you!
* * * LOW HITPOINT WARNING * * *
Huge Dmg: -19%(-16hp) hp: 3%(2hp)
You don't have the energy to cast that spell.
Press: ? - help, v - describe, . - travel
Here: a black mamba The floor.
You feel better. The black mamba barely misses you.
Okay, then.
You eat one of the 3 royal jellies.
That royal jelly was delicious!
The black mamba bites you.
* * * LOW HITPOINT WARNING * * *
The black mamba bites you!!
You die...

#........#
#........#
#........#
#........##
##.........#
#.........#
#.....S.#
#.....@.#
.........#
##.......#
##.##...# #.
..#.# #. .#.
#. + ... . .
.. .. .....


You could see a black mamba.

Vanquished Creatures
  The ghost of dscm the Ruffian, a novice DrTm of Elyvilon (D:7)
  Sigmund (D:2)
  A spriggan (D:7)
  Edmund (D:4)
  The ghost of anonim77778 the Cudgeler, an amateur TrBe of Trog (D:3)
  An orc warrior (D:8)
  3 phantoms
  An ice beast (D:6)
  2 centaurs (D:7)
  4 ogres
  A big kobold (D:8)
  3 bullfrogs (D:6)
  A wyvern zombie (D:7)
  A scorpion (D:6)
  3 killer bees (D:8)
  2 howler monkeys (D:5)
  A bullfrog zombie (D:6)
  4 hounds
  4 orc wizards
  2 centaur skeletons
  3 orc priests
  Crazy Yiuf (D:2)
  A bullfrog skeleton (D:5)
  6 jellies
  An iguana (D:4)
  Natasha (D:2)
  10 worker ants
  A hound zombie (D:7)
  9 gnolls
  7 adders
  A shadow imp (D:5)
  2 oozes
  An adder zombie (D:6)
  4 worms
  5 dart slugs
  7 leopard geckos
  22 orcs
  3 giant cockroaches
  6 goblins
  3 hobgoblins
  11 jackals
  4 quokkas
  6 bats
  5 frilled lizards
  A jackal skeleton (D:7)
  7 kobolds
  2 leopard gecko skeletons (D:5)
  A quokka zombie (D:6)
  7 rats
176 creatures vanquished.

Vanquished Creatures (others)
  A jelly (D:7)
  An orc wizard (D:4)
2 creatures vanquished.

Grand Total: 178 creatures vanquished

Notes
Turn   | Place    | Note
-------+----------+-------------------------------------------
     0 | D:1      | Monsterracer the Naga Venom Mage began the quest for the Orb.
     0 | D:1      | Reached XP level 1. HP: 15/15 MP: 3/3
   188 | D:1      | Reached XP level 2. HP: 13/22 MP: 1/5
   555 | D:1      | HP: 11/22 [dart slug/slug dart (6)]
   762 | D:2      | Reached XP level 3. HP: 23/28 MP: 4/6
   767 | D:2      | Learned a level 3 spell: Mephitic Cloud
   847 | D:2      | Noticed Sigmund
   859 | D:2      | Killed Sigmund
   859 | D:2      | Reached skill level 6 in Poison Magic
   859 | D:2      | Reached XP level 4. HP: 30/36 MP: 1/8
   859 | D:2      | Reached XP level 5. HP: 36/42 MP: 1/9
   865 | D:2      | Learned a level 4 spell: Olgreb's Toxic Radiance
   872 | D:2      | HP: 16/42 [worm (12)]
  1471 | D:2      | Noticed Natasha
  1478 | D:2      | HP: 20/42 [white imp/puff of frost[Natasha] (6)]
  1479 | D:2      | Killed Natasha
  1479 | D:2      | Reached XP level 6. HP: 24/49 MP: 1/10
  1734 | D:2      | Found a runed door.
  1783 | D:2      | Noticed Crazy Yiuf
  1788 | D:2      | HP: 24/49 [Crazy Yiuf/quarterstaff of chaos (16)]
  1792 | D:2      | Killed Crazy Yiuf
  2294 | D:3      | Noticed anonim77778's ghost (amateur TrBe)
  2311 | D:3      | HP: 22/49 [anonim77778's ghost (4)]
  2312 | D:3      | HP: 8/49 [anonim77778's ghost (7)]
  2313 | D:3      | Killed anonim77778's ghost
  2604 | D:3      | Reached skill level 7 in Poison Magic
  2951 | D:3      | Reached XP level 7. HP: 38/56 MP: 6/12
  3041 | D:3      | Learned a level 5 spell: Venom Bolt
  3498 | D:4      | Reached skill level 1 in Fighting
  3521 | D:4      | Found a staircase to the Ecumenical Temple.
  3529 | Temple   | Entered the Ecumenical Temple
  3621 | Temple   | Became a worshipper of Vehumet
  3978 | D:4      | Noticed Edmund
  3997 | D:4      | Killed Edmund
  3997 | D:4      | Reached skill level 8 in Poison Magic
  3997 | D:4      | Reached XP level 8. HP: 40/67 MP: 0/14
  4298 | D:4      | Reached skill level 5 in Stealth
  4949 | D:5      | Entered Level 5 of the Dungeon
  5087 | D:5      | Reached skill level 5 in Conjurations
  5127 | D:5      | Noticed ThePrince's ghost (amateur DsFi)
  5146 | D:5      | HP: 25/67 [ThePrince's ghost (11)]
  5151 | D:5      | HP: 20/67 [ThePrince's ghost (6)]
  5473 | D:5      | HP: 25/67 [ThePrince's ghost (11)]
  6083 | D:5      | Found Kipife's Jewellery Emporium.
  6337 | D:5      | Reached skill level 9 in Poison Magic
  6338 | D:5      | Found a bloodstained altar of Trog.
  6342 | D:5      | Reached * piety under Vehumet
  6342 | D:5      | Offered knowledge of Sandblast by Vehumet.
  6558 | D:6      | Reached skill level 1 in Staves
  6948 | D:6      | Reached XP level 9. HP: 73/75 MP: 12/15
  7022 | D:6      | HP: 37/75 [phantom (5)]
  7525 | D:7      | Found a bloodstained altar of Trog.
  7542 | D:7      | Noticed dscm's ghost (novice DrTm)
  7745 | D:7      | HP: 35/76 [dscm's ghost (9)]
  7847 | D:6      | HP: 30/76 [orc priest/divine providence (16)]
  7861 | D:6      | HP: 33/76 [hound (1)]
  8061 | D:7      | HP: 35/76 [dscm's ghost (6)]
  8214 | D:6      | Reached skill level 10 in Poison Magic
  8526 | D:7      | HP: 38/76 [dscm's ghost (5)]
  8790 | D:7      | HP: 34/76 [dscm's ghost (6)]
  8795 | D:7      | Killed dscm's ghost
  8795 | D:7      | Reached skill level 5 in Spellcasting
  9194 | D:7      | Offered knowledge of Freeze by Vehumet.
  9197 | D:7      | Learned a level 1 spell: Freeze
  9337 | D:7      | Reached ** piety under Vehumet
  9368 | D:7      | Reached skill level 1 in Ice Magic
  9479 | D:7      | Reached XP level 10. HP: 73/86 MP: 15/18
  9748 | D:8      | HP: 43/86 [howler monkey zombie (4)]
  9753 | D:8      | HP: 33/85 [necrophage (5)]
  9760 | D:8      | HP: 28/84 [necrophage (3)]
  9765 | D:8      | HP: 23/84 [necrophage (5)]
  9775 | D:8      | Found a staircase to the Lair.
  9782 | Lair:1   | Entered Level 1 of the Lair of Beasts
  9784 | Lair:1   | Noticed a black mamba
  9786 | Lair:1   | HP: 2/83 [black mamba (16)]
  9788 | Lair:1   | Mangled by a black mamba

Skill      XL: |  1  2  3  4  5  6  7  8  9 10 |
---------------+-------------------------------+-----
Spellcasting   | 3 4 5 |  5.5
Conjurations   | 2 3 4 5 7 |  7.7
Poison Magic   | 6 7 8 9 10 | 10.0
Stealth        | 4 6 8 |  8.1
Fighting       | 1 3 4 |  4.6
Staves         | 1 3 |  3.3
Ice Magic      | 1 2 |  2.1
Dodging        | |  1.5

Action                   |  1- 3 |  4- 6 |  7- 9 | 10-12 || total
-------------------------+-------+-------+-------+-------++-------
Melee: Unarmed           |     4 |       |       |       ||     4
       Short sword       |     8 |    15 |       |       ||    23
       Quarterstaff      |       |    21 |   311 |    25 ||   357
 Cast: Sting             |    17 |    28 |    59 |       ||   104
       Mephitic Cloud    |     1 |       |     3 |       ||     4
       Olgreb's Toxic Ra |       |     6 |    19 |     2 ||    27
       Venom Bolt        |       |       |     3 |     2 ||     5
 Abil: Spit Poison       |    15 |     9 |    33 |       ||    57
Evoke: Wand              |       |     1 |       |     1 ||     2
  Use: Scroll            |       |     6 |     9 |     1 ||    16
       Potion            |       |       |     4 |     1 ||     5
 Stab: Sleeping          |       |     4 |     7 |     1 ||    12
       Paralysed         |       |       |     3 |       ||     3
       Petrifying        |       |       |     1 |       ||     1
       Petrified         |       |       |     1 |       ||     1
  Eat: Chunk             |       |     7 |    19 |       ||    26
       Bread ration      |       |       |     1 |       ||     1
       Royal jelly       |       |       |       |     1 ||     1
Armor: Robe              |     4 |     4 |       |       ||     8
       Leather armour    |       |     3 |    94 |     9 ||   106
       Skin              |       |       |    43 |       ||    43
Dodge: Dodged            |     8 |    14 |   179 |    33 ||   234
